 Dungeon Crawl Stone Soup version 0.18-a0-1577-gf591c28 (webtiles) character file.

35 Ratboiler the Chopper (level 3, -3/26 HPs)
             Began as an Octopode Wanderer on Mar 19, 2016.
             Engulfed by a cloud of steam (9 damage)
             ... on level 1 of the Dungeon.
             The game lasted 00:01:50 (1030 turns).

Ratboiler the Chopper (Octopode Wanderer)           Turns: 1030, Time: 00:01:50

Health: -3/26      AC:  1    Str: 10    XL:     3   Next: 33%
Magic:  0/3        EV: 11    Int: 16    God:
Gold:   11         SH:  0    Dex: 11    Spells: 0 memorised, 2 levels left

rFire  . . .     SeeInvis .     a - +2 hand axe
rCold  . . .     Gourm    .     (no shield)
rNeg   . . .     Faith    .     (helmet restricted)
rPois  .         Spirit   +     n - amulet of guardian spirit
rElec  .         Dismiss  .     (no ring)
rCorr  .         Reflect  .     (no ring)
SustAt .         Harm     .     (no ring)
MR     .....                    (no ring)
Stlth  ++++......               (no ring)
                                (no ring)
                                (no ring)
                                (no ring)

@: not resistant to hostile enchantments, stealthy
A: almost no armour, amphibious, 8 rings, constrict 8, camouflage 1, gelatinous
body 1
a: no special abilities


You were on level 1 of the Dungeon.
You were not hungry.

You visited 1 branch of the dungeon, and saw 1 of its levels.

You collected 11 gold pieces.

Inventory:

Hand Weapons
 a - a +2 hand axe (weapon)
 c - a +0 short sword
 d - a +0 dagger
Jewellery
 n - an amulet of guardian spirit (around mantle)
Scrolls
 b - a scroll of teleportation
 e - a scroll of fog {unknown}
 h - a scroll of immolation {unknown}
 i - a scroll of amnesia {unknown}
 m - 2 scrolls of remove curse {unknown}
Potions
 j - a potion of resistance {unknown}
 k - a potion of curing {unknown}
 l - a potion of brilliance {unknown}
Comestibles
 f - 2 bread rations
 g - 2 beef jerkies
 o - a meat ration


   Skills:
 - Level 3.0 Fighting
 - Level 1.0 Short Blades
 + Level 3.6 Axes
 - Level 1.0 Throwing
 - Level 1.0 Dodging
 - Level 2.6 Stealth


You had 2 spell levels left.
You didn't know any spells.

Dungeon Overview and Level Annotations

Branches:
Dungeon (1/15)

Altars:


Innate Abilities, Weirdness & Mutations

You cannot wear most types of armour.
You are amphibious.
You can wear up to eight rings at the same time.
You can use your tentacles to constrict eight enemies at once.
Your skin changes colour to match your surroundings (Stealth).
Your rubbery body absorbs attacks (AC +1).


Message History

There is an open door here.
There is an open door here.
Partly explored, can't reach some places.
Really walk into a travel-excluded area?
You now have 11 gold pieces.
Really walk into a travel-excluded area?
You are engulfed in a cloud of scalding steam.
You are engulfed in a cloud of scalding steam.
You are engulfed in a cloud of scalding steam.
You are engulfed in a cloud of scalding steam.
* * * LOW HITPOINT WARNING * * *
Really walk into that cloud of steam? [Y]es or [N]o only, please.
Really walk into that cloud of steam? [Y]es or [N]o only, please.
Really walk into that cloud of steam?
Okay, then.
Really walk into that cloud of steam?
You are engulfed in a cloud of scalding steam.
You die...

#### #..# ### #..##
#≈######...#
##≈§#≈≈##≈..#
#≈§≈§##≈#≈≈.#
#≈≈@###≈≈≈≈.# ###§#
###≈≈.## ### ###
#≈...#####.. #####
#........... #...#
#....##.##..
#...#########..).##.##..
#......##...>...........
#)(....##.#.........####
#......##.#..........#..


There were no monsters in sight!

Vanquished Creatures
  An ooze (D:1)
  A dart slug (D:1)
  A giant gecko (D:1)
  A ball python (D:1)
  2 giant cockroaches (D:1)
  3 hobgoblins (D:1)
  5 bats (D:1)
  4 goblins (D:1)
  4 kobolds (D:1)
  5 rats (D:1)
27 creatures vanquished.

Notes
Turn   | Place    | Note
--------------------------------------------------------------
     0 | D:1      | Ratboiler the Octopode Wanderer began the quest for the Orb.
     0 | D:1      | Ratboiler set off with: a +2 hand axe, a scroll of teleportation, a +0 short sword, a +0 dagger, a bread ration
     0 | D:1      | Reached XP level 1. HP: 16/16 MP: 1/1
   465 | D:1      | Reached XP level 2. HP: 13/21 MP: 2/2
   688 | D:1      | Reached XP level 3. HP: 26/26 MP: 3/3
  1030 | D:1      | Engulfed by a cloud of steam

Vault maps used:
D:1:      roderic_octagonal_star, lemuel_another_geyser

Skill      XL: |  1  2 |
---------------+-------+-----
Axes           | 3 |  3.6
Fighting       | |  3.0
Short Blades   | |  1.0
Throwing       | |  1.0
Dodging        | |  1.0
Stealth        | |  2.6

Action                   || total
-------------------------++-------
Melee: Hand axe          ||    49
 Stab: Sleeping          ||     7
